 Dungeon Crawl Stone Soup version 0.28-a0-883-gc8d7bad45d (webtiles) character file.

Game seed: 12659799531440800179

12691 mainiacjoe the Arsonist (level 11, -5/72 HPs)
             Began as a Gargoyle Fire Elementalist on Nov 21, 2021.
             Was an Initiate of Gozag.
             Shot with an arrow by Nessos (16 damage)
             ... on level 2 of the Orcish Mines.
             The game lasted 00:59:05 (18707 turns).

mainiacjoe the Arsonist (GrFE)                     Turns: 18707, Time: 00:59:06

Health: -5/72      AC: 18    Str: 22    XL:     11   Next: 97%
Magic:  15/15      EV: 14    Int: 21    God:    Gozag
Gold:   123        SH: 11    Dex: 10    Spells: 3/16 levels left

rFire   . . .      SeeInvis .   b - +4 hand crossbow (freeze)
rCold   . . .      Faith    .   h - +3 buckler of the Wild Haggis {rCorr Str+3 Int-3}
rNeg    + . .      Spirit   .   V - +0 robe {Will+}
rPois   ∞          Reflect  +   l - +2 helmet
rElec   +          Harm     .   S - +0 cloak
rCorr   +          Rampage  +   x - +0 pair of gloves {archery}
Will    +....                   u - +2 pair of boots {rampage}
Stlth   +++.......              I - amulet of reflection
HPRegen 0.22/turn               H - +6 ring of strength
MPRegen 0.14/turn               X - +6 ring of intelligence

@: gold aura
A: sickness immunity, AC +8, negative energy resistance 1, electricity
resistance, torment resistance 1, petrification resistance
a: Renounce Religion, Potion Petition, Call Merchant, Bribe Branch


You were on level 2 of the Orcish Mines.
You worshipped Gozag.
Gozag was aware of your devotion.
You visited 4 branches of the dungeon, and saw 14 of its levels.

You collected 1831 gold pieces.
You spent 1564 gold pieces at shops.
You paid 144 gold pieces to Gozag.

Inventory:

Hand Weapons
 a - a +2 whip of electrocution
 b - a +4 hand crossbow of freezing (weapon)
 r - the +8 dagger of Disharmony {pain, Will+ Int-2 Dex+6}
   (You found it on level 8 of the Dungeon)

   In the hands of one skilled in necromantic magic, it inflicts extra damage on
   living creatures.
   Int:       It affects your intelligence (-2).
   Dex:       It affects your dexterity (+6).
   Will:      It increases your willpower.
Missiles
 c - 136 arrows
 g - 334 stones
 v - 69 bolts (quivered ammo)
 z - 2 silver boomerangs
 B - 66 poisoned darts
 M - 10 boomerangs
 N - 35 sling bullets
 Y - 6 atropa-tipped darts {=F}
Armour
 h - the +3 buckler of the Wild Haggis (worn) {rCorr Str+3 Int-3}
   (You bought it in a shop on level 5 of the Dungeon)

   Str:       It affects your strength (+3).
   Int:       It affects your intelligence (-3).
   rCorr:     It protects you from acid and corrosion.
 l - a +2 helmet (worn)
 u - a +2 pair of boots of rampaging (worn)
 x - a +0 pair of gloves of archery (worn)
 D - a scarf of harm
 S - a +0 cloak (worn)
 V - a +0 robe of willpower (worn)
Jewellery
 j - an amulet of the acrobat
 H - a +6 ring of strength (left hand)
 I - an amulet of reflection (around neck)
 X - a +6 ring of intelligence (right hand)
Wands
 s - a wand of iceblast (9)
 P - a wand of charming (7)
 Q - a wand of acid (11)
 T - a wand of paralysis (5)
 Z - a wand of flame (18)
Scrolls
 f - 3 scrolls of teleportation
 o - a scroll of fog
 p - a scroll of amnesia
 t - a scroll of torment
 y - a scroll of immolation
 F - a scroll of magic mapping
 G - a scroll of vulnerability
 O - a scroll of brand weapon {unknown}
 U - a scroll of enchant armour
Potions
 d - a potion of haste {unknown}
 e - 3 potions of lignification
 i - 4 potions of curing
 k - 2 potions of heal wounds
 m - 4 potions of mutation
 n - a potion of ambrosia {unknown}
 q - 3 potions of brilliance
 A - a potion of magic
 C - a potion of invisibility {unknown}
 E - a potion of resistance {unknown}
 K - 2 potions of flight
 R - a potion of attraction
 W - 2 potions of might
Miscellaneous
 w - a phial of floods


   Skills:
 - Level 10.0 Fighting
 + Level 3.0 Maces & Flails
 + Level 9.5 Dodging
 - Level 5.0 Stealth
 - Level 3.0 Spellcasting
 - Level 6.0 Conjurations
 - Level 1.0 Hexes
 - Level 10.0 Fire Magic


You had 3 spell levels left.
You knew the following spells:

 Your Spells              Type           Power      Damage    Failure   Level
a - Foxfire               Conj/Fire      100%       2x1d9     1%          1
b - Scorch                Fire           90%        2d10      1%          2
c - Conjure Flame         Conj/Fire      36%        6-21      2%          3
d - Inner Flame           Hex/Fire       26%        N/A       7%          3
e - Flame Wave            Conj/Fire      36%        3d8       9%          4

Your spell library contained the following spells:

 Spells                   Type           Power      Damage    Failure   Level
 Stone Arrow              Conj/Erth      30%        3d8       19%         3
 Sting                    Tmut/Pois      12%        1d3       22%         1
 Poisonous Vapours        Pois/Air       6%         N/A       32%         2
 Summon Guardian Golem    Hex/Summ       5%         N/A       47%         3
 Animate Armour           Summ/Erth      6%         N/A       91%         4
 Olgreb's Toxic Radiance  Pois           3%         N/A       91%         4
 Summon Lightning Spire   Summ/Air       3%         N/A       91%         4
 Orb of Destruction       Conj           14%        9d7       100%        7
 Spellforged Servitor     Conj/Summ      7%         N/A       100%        7
 Storm Form               Tmut/Air       1%         N/A       100%        7
 Lehudib's Crystal Spear  Conj/Erth      7%         10d3      100%        8
 Maxwell's Capacitive Co  Air            1%         ∞         100%        8


Dungeon Overview and Level Annotations

Branches:
Dungeon (10/15)            Temple (1/1) D:7            Lair (1/6) D:8
    Orc (2/2) D:9
    Elf: Orc:2

Altars:
Ashenzari
Cheibriados
Dithmenos
Elyvilon
Fedhas
Gozag
Hepliaklqana
Kikubaaqudgha
Makhleb
Nemelex Xobeh
Okawaru
Qazlal
Ru
Sif Muna
Trog
Uskayaw
Vehumet
Wu Jian
Xom
Yredelemnul
Zin
The Shining One
Beogh

Shops:
D:2 [   D:5 !(**[   D:7 !   D:9 (

Annotations:
D:9 2 transporters, bjtr's ghost, journeyman FoEE
Orc:2 Nessos


Innate Abilities, Weirdness & Mutations

You are immune to sickness and miasma.
Your stone body is resilient. (AC +8)
You are immune to poison.
You resist negative energy. (rN+)
You are resistant to electric shocks. (rElec)
You are resistant to unholy torment.
You are immune to petrification.


Message History

You hear a shout!
An orc comes into view. It is wielding a +0 flail.
You shoot a bolt. The orc shouts!
The bolt hits the troll!!
The bolt freezes the troll.
The troll is heavily wounded.
You hear a shout!
You shoot a bolt.
The bolt hits the troll but does no damage.
The troll is heavily wounded.
Nessos the Markscentaur comes into view.
They are wearing a +0 barding of flying.
Nessos casts a spell.
Nessos seems to speed up.
Nessos wields a +3 longbow of flaming.
It bursts into flame!
Nessos shoots an arrow.
You reflect the arrow off an invisible shield around you!
The arrow hits the troll!!
The arrow burns the troll!
You kill the troll!
Nessos shoots an arrow.
The arrow hits you. The arrow burns you.
You hear a shout! x2
Your Maces & Flails skill increases to level 3!
Nessos shoots an arrow.
You reflect the arrow off an invisible shield around you!
The arrow hits Nessos!!
The arrow burns Nessos.
Nessos shoots an arrow.
You reflect the arrow off an invisible shield around you!
The arrow hits Nessos!
The arrow burns Nessos.
Nessos shoots an arrow.
The arrow hits you. The arrow burns you.
Nessos shoots an arrow.
The arrow hits you. The arrow burns you.
Nessos shoots an arrow.
You reflect the arrow off an invisible shield around you!
The arrow hits Nessos!!
The arrow burns Nessos!
Nessos is poisoned.
Nessos shoots an arrow.
The arrow hits you! The arrow burns you.
Nessos shoots an arrow.
The arrow hits you!!
* * * LOW HITPOINT WARNING * * *
The arrow burns you.
* * * LOW HITPOINT WARNING * * *
Nessos shoots an arrow.
The arrow hits you!
You die...
Your body crumbles into a pile of gold.

.#.##..^...#.....#
#................#
##.##.#..........#
# ###........###
##.......#
##......##
##......#####
##........<..##
#.......@.....#
##.....#.......#
###...###.#.....#
#...c..#...#.....#
###....##.......##
#..c..#.....####
#...........#
###........#.
#......###


You could see Nessos (fast, very poisoned).

Vanquished Creatures
  A centaur warrior (D:10)
  4 two-headed ogres
  3 death yaks
  An orc knight (D:9)
  A cyclops (Orc:1)
  An unseen horror (D:9)
  A komodo dragon (Lair:1)
  2 trolls
  Grinder (D:5)
  Sigmund (D:2)
  8 yaks
  A hog (D:7)
  A human (D:7)
  A steam dragon (D:7)
  A basilisk (Lair:1)
  Menkaure (D:5)
  Edmund (D:6)
  2 water moccasins
  6 orc warriors
  2 ice beasts
  A black bear (D:5)
  2 necrophages
  4 ogres
  3 centaurs
  A bullfrog (D:7)
  A water moccasin zombie (D:7)
  3 scorpions
  10 killer bees
  5 howler monkeys
  3 centaur zombies
  4 jellies
  5 orc priests
  A gnoll shaman (D:7)
  3 hounds
  A bullfrog skeleton (D:5)
  A centaur skeleton (D:7)
  8 orc wizards
  A hell rat (D:8)
  5 gnolls (D:7)
  10 adders
  A river rat (D:8)
  A shadow imp (D:7)
  2 ufetubi
  A worm (D:2)
  3 dart slugs
  25 orcs
  8 ball pythons
  9 endoplasms
  5 giant cockroaches
  6 goblins
  4 hobgoblins
  7 quokkas
  4 bats
  3 frilled lizards
  8 kobolds
  6 rats
205 creatures vanquished.

Vanquished Creatures (collateral kills)
  An orc priest (Orc:1)
  An orc wizard (Orc:1)
  An orc (Orc:1)
3 creatures vanquished.

Vanquished Creatures (others)
  328 foxfires
328 creatures vanquished.

Grand Total: 536 creatures vanquished

Notes
Turn   | Place    | Note
-------+----------+-------------------------------------------
     0 | D:1      | mainiacjoe the Gargoyle Fire Elementalist began the quest
                  | for the Orb.
     0 | D:1      | Reached XP level 1. HP: 10/10 MP: 3/3
    85 | D:1      | Reached XP level 2. HP: 15/15 MP: 0/5
    88 | D:1      | Learned a level 2 spell: Scorch
   547 | D:1      | Reached XP level 3. HP: 19/19 MP: 3/6
  1518 | D:2      | Noticed Sigmund
  1669 | D:2      | Found a snail-covered altar of Cheibriados.
  1794 | D:2      | Reached XP level 4. HP: 24/24 MP: 3/7
  2516 | D:2      | Found Inidd's Antique Armour Boutique.
  2895 | D:3      | Reached XP level 5. HP: 28/28 MP: 5/8
  3146 | D:3      | Found a faded altar of an unknown god.
  4012 | D:4      | Found a snail-covered altar of Cheibriados.
  4662 | D:4      | Noticed a necrophage
  4809 | D:5      | Entered Level 5 of the Dungeon
  4927 | D:5      | Noticed Menkaure
  4943 | D:5      | Killed Menkaure
  4944 | D:5      | Reached XP level 6. HP: 32/32 MP: 4/10
  5121 | D:5      | Found Veklut's Armour Shop.
  5236 | D:5      | Reached skill level 5 in Stealth
  5311 | D:5      | Noticed a troll
  5412 | D:5      | Reached skill level 5 in Fire Magic
  5412 | D:5      | Reached XP level 7. HP: 36/36 MP: 8/11
  5493 | D:5      | Learned a level 3 spell: Conjure Flame
  5497 | D:5      | Learned a level 3 spell: Inner Flame
  5741 | D:5      | Noticed Grinder
  5743 | D:5      | Paralysed by Grinder for 6 turns
  5761 | D:5      | Killed Grinder
  5762 | D:5      | Reached XP level 8. HP: 27/41 MP: 0/12
  6075 | D:5      | Killed a troll
  6076 | D:5      | Reached skill level 1 in Hexes
  6430 | D:5      | Found Atont's Distillery.
  6430 | D:5      | Found Ydywiq's Assorted Antiques.
  6430 | D:5      | Found Noitreni's Weapon Boutique.
  6431 | D:5      | Found Bobroec's General Store.
  6446 | D:5      | Bought a red potion for 18 gold pieces
  6446 | D:5      | Bought a fuming white potion for 18 gold pieces
  6446 | D:5      | Bought a scroll labelled CIKIWO JE XERU for 20 gold pieces
  6718 | D:5      | Learned a level 4 spell: Flame Wave
  6908 | D:5      | Bought a pair of runed boots for 150 gold pieces
  6975 | D:6      | Noticed Edmund
  7296 | D:6      | Killed Edmund
  7297 | D:6      | Reached skill level 5 in Conjurations
  7831 | D:5      | Bought a potion of heal wounds for 60 gold pieces
  8361 | D:7      | Reached XP level 9. HP: 45/45 MP: 7/13
  8949 | D:7      | Reached skill level 10 in Fire Magic
  9055 | D:7      | Reached skill level 1 in Fighting
  9298 | D:7      | Found Wimohuop's Distillery.
  9496 | D:7      | Found a staircase to the Ecumenical Temple.
  9518 | Temple   | Entered the Ecumenical Temple
  9968 | D:2      | Found a snail-covered altar of Cheibriados.
  9988 | D:2      | Killed Sigmund
  9989 | D:2      | Reached XP level 10. HP: 58/58 MP: 10/14
 10331 | D:4      | Found a snail-covered altar of Cheibriados.
 10913 | D:7      | Reached skill level 5 in Fighting
 10913 | D:7      | Reached skill level 5 in Dodging
 10993 | D:7      | Found a white marble altar of Elyvilon.
 11049 | D:8      | Noticed a death yak
 11049 | D:8      | Noticed a death yak
 11049 | D:8      | Noticed a death yak
 11049 | D:8      | Found a staircase to the Lair.
 11081 | D:8      | Noticed a two-headed ogre
 11085 | D:8      | Killed a two-headed ogre
 11518 | Temple   | Became a worshipper of Gozag Ym Sagoz the Greedy
 11779 | D:7      | Killed a death yak
 11947 | D:7      | Bought a potion of heal wounds for 65 gold pieces
 12310 | D:8      | Identified the +8 dagger of Disharmony {pain, Will+ Int-2
                  | Dex+6}
 12467 | D:8      | Killed a death yak
 12478 | D:8      | Killed a death yak
 12612 | D:7      | Bought a potion of might for 52 gold pieces
 12769 | D:9      | Noticed a two-headed ogre
 12772 | D:9      | Killed a two-headed ogre
 12773 | D:9      | Reached XP level 11. HP: 43/69 MP: 7/15
 12961 | D:9      | Found Pilippus's Weapon Emporium.
 12961 | D:9      | Found a staircase to the Orcish Mines.
 13109 | D:5      | Bought a potion of mutation for 96 gold pieces
 13267 | D:9      | Noticed a two-headed ogre
 13505 | D:5      | Bought a golden ring for 100 gold pieces
 13826 | D:9      | Found a transporter.
 13834 | D:9      | Noticed bjtr's ghost (journeyman FoEE)
 13835 | D:9      | Noticed a moth of wrath
 14091 | D:9      | Noticed a two-headed ogre
 14097 | D:9      | Killed a two-headed ogre
 14242 | D:5      | Bought a scroll of identify for 40 gold pieces
 14621 | D:5      | Bought a potion of attraction for 36 gold pieces
 14833 | D:9      | Identified a scroll of acquirement
 14834 | D:9      | Acquired a +2 pair of boots of rampaging
 14881 | D:9      | Found a transporter.
 15148 | D:10     | Entered Level 10 of the Dungeon
 15422 | D:2      | Bought a glowing scarf for 208 gold pieces
 15698 | D:10     | Noticed a centaur warrior
 15706 | D:10     | Killed a centaur warrior
 15747 | D:10     | Found a blossoming altar of Fedhas.
 15830 | D:10     | Found an iron altar of Okawaru.
 15846 | D:10     | Reached skill level 10 in Fighting
 16271 | Lair:1   | Entered Level 1 of the Lair of Beasts
 16298 | Lair:1   | Noticed a seven-headed hydra
 16626 | Orc:1    | Entered Level 1 of the Orcish Mines
 16635 | Orc:1    | Noticed an orc knight
 16662 | D:9      | Killed an orc knight
 17525 | D:5      | Bought a bloodstained buckler for 190 gold pieces
 17525 | D:5      | Identified the +3 buckler of the Wild Haggis {rCorr Str+3
                  | Int-3} (You bought it in a shop on level 5 of the Dungeon)
 17661 | Orc:2    | Entered Level 2 of the Orcish Mines
 17695 | Orc:1    | Noticed a cyclops
 17814 | Orc:1    | Killed a cyclops
 17815 | Orc:1    | Reached skill level 1 in Maces & Flails
 18359 | Orc:2    | Noticed a two-headed ogre
 18372 | D:9      | Bought a +4 hand crossbow of freezing for 396 gold pieces
 18478 | D:5      | Bought a +0 pair of gloves of archery for 115 gold pieces
 18601 | Orc:1    | Killed a two-headed ogre
 18696 | Orc:2    | Noticed Nessos
 18707 | Orc:2    | Shot with an arrow by Nessos

Illustrated notes

Levels and vault maps discovered:
D:1:      wander_arrival_desolate, layout_basic, st_stairs_9,
          corexii_leaking_fountain
D:2:      layout_loops_ring, basic_altar, serial_shops, shop,
          grunt_ministairs_9, minmay_tetromino_l4, uniq_sigmund
D:3:      layout_loops_corners, shapermc_ecumenical_altar_totnotflames
D:4:      layout_basic, cheibriados_altar_1, minmay_fountain_box
D:5:      layout_basic, serial_shops, nicolae_shop_hallway_plus,
          minmay_shop_grid_forest, kennysheep_generic_room_12, uniq_menkaure,
          uniq_grinder
D:6:      layout_rooms, serial_rivers, chequers_serial_rivers_large_a,
          chequers_serial_rivers_micro_b, chequers_serial_rivers_room_b,
          chequers_serial_rivers_micro_e, uniq_edmund
D:7:      layout_cave_pools, nicolae_elyvilon_temple_path, temple_hall,
          serial_shops, nicolae_shop_window_shopping, grunt_livestock,
          minmay_fractal_squares_gapless_5
D:8:      layout_rooms, dpeg_lair_monsters, chequers_serial_rivers_micro_e,
          st_stairs_12
D:9:      layout_irregular_city, orc_david_3, gammafunk_ghost_berserking_beasts
D:10:     layout_loops_ring, mainiacjoe_overflow_catch_the_wave
Temple:   compressed_dpeg_circular_temple
Lair:1:   layout_loops_ring, grunt_megastairs_1
Orc:1:    layout_diamond_mine, basic_altar
Orc:2:    grunt_orc_cross, layout_diamond_mine, uniq_nessos, uniq_rupert,
          uniq_saint_roka, uniq_josephine

Skill      XL: |  1  2  3  4  5  6  7  8  9 10 11 |
---------------+----------------------------------+-----
Stealth        | 3 4 5 |  5.0
Dodging        | 2 3 4 7 9 |  9.5
Conjurations   | 2 3 4 5 6 |  6.0
Fire Magic     | 4 5 6 9 10 | 10.0
Spellcasting   | 3 |  3.0
Hexes          | 1 |  1.0
Fighting       | 4 8 10 | 10.0
Maces & Flails | 3 |  3.0

Action                   |  1- 3 |  4- 6 |  7- 9 | 10-12 || total
-------------------------+-------+-------+-------+-------++-------
Melee: Mace              |    11 |       |       |       ||    11
       Dagger            |     9 |       |       |       ||     9
       Short sword       |     8 |    17 |       |       ||    25
       Falchion          |       |    11 |    20 |       ||    31
       Dire flail        |       |       |    26 |   149 ||   175
       Whip              |       |       |       |     4 ||     4
 Fire: Hunting sling     |       |     1 |       |       ||     1
       Arbalest          |       |       |     1 |       ||     1
       Hand crossbow     |       |       |       |     5 ||     5
Throw: Stone             |     1 |    16 |       |       ||    17
       Dart              |       |     2 |    14 |    31 ||    47
 Cast: Foxfire           |    29 |    32 |    59 |    71 ||   191
       Scorch            |    11 |    16 |    40 |    45 ||   112
       Inner Flame       |       |       |     5 |     2 ||     7
       Flame Wave        |       |       |     4 |    20 ||    24
       Conjure Flame     |       |       |       |     3 ||     3
Evoke: Wand              |       |       |       |     4 ||     4
  Use: Scroll            |     3 |     5 |     4 |    10 ||    22
       Potion            |       |       |     1 |     5 ||     6
 Stab: Sleeping          |     3 |     3 |       |       ||     6
       Distracted        |       |       |       |     1 ||     1
Armor: Robe              |     5 |    13 |    27 |    97 ||   142
Dodge: Dodged            |    19 |    17 |    40 |   136 ||   212
Block: Other             |       |       |    14 |    46 ||    60
       Reflection        |       |       |     1 |     4 ||     5
       Buckler           |       |       |       |    12 ||    12

Table legend: (Time is in decaauts)
 A = Elapsed time spent in this place.
 B = Non-inter-level travel time spent in this place.
 C = Inter-level travel time spent in this place.
 D = Time resting spent in this place.
 E = Time spent auto-exploring this place.
 F = Levels seen in this place.
 G = Mean time per level.
                   A        B        C        D        E       F      G
               +--------+--------+--------+--------+--------+-----+--------+
         Total |  18880 |  15785 |   3095 |   3319 |  10078 |  14 | 1348.6 |
       Dungeon |  17504 |  14491 |   3013 |   2835 |   9562 |  10 | 1750.4 |
        Temple |    127 |    101 |     26 |      0 |     57 |   1 |  127.0 |
          Lair |     38 |     38 |      0 |      0 |     11 |   1 |   38.0 |
  Orcish Mines |   1210 |   1156 |     54 |    484 |    448 |   2 |  605.0 |
               +--------+--------+--------+--------+--------+-----+--------+

Top non-repeatable levels by time:
     D:5: 3201 daAuts
     D:7: 2327 daAuts
     D:8: 2052 daAuts
     D:9: 2014 daAuts
     D:2: 1778 daAuts
     D:4: 1740 daAuts
     D:1: 1423 daAuts
     D:6: 1215 daAuts
     D:3: 1102 daAuts
   Orc:1: 1024 daAuts
    D:10: 648 daAuts
   Orc:2: 185 daAuts
  Temple: 127 daAuts
  Lair:1: 38 daAuts
